 Dungeon Crawl Stone Soup version 0.30-a0-802-gb92711bcdf (webtiles) character file.

Game seed: 14297397677537177805

91 CowFu the Conjurer (level 4, -6/24 HPs)
             Began as a Deep Elf Conjurer on Feb 25, 2023.
             Killed by divine providence
             ... invoked by an orc priest
              (17 damage)
             ... on level 3 of the Dungeon.
             The game lasted 00:01:06 (1949 turns).

CowFu the Conjurer (Deep Elf Conjurer)              Turns: 1949, Time: 00:01:06

Health: -6/24      AC:  2    Str:  4    XL:     4   Next: 34%
Magic:  7/12       EV: 13    Int: 25    God:
Gold:   142        SH:  0    Dex: 13    Spells: 10/11 levels left

rFire   . . .      SeeInvis .    d - +0 short sword
rCold   . . .      Faith    .    (no shield)
rNeg    . . .      Spirit   .    a - +0 robe
rPois   .          Reflect  .    (no helmet)
rElec   .          Harm     .    (no cloak)
rCorr   .          Rampage  .    (no gloves)
Will    .....                    (no boots)
Stlth   ++                       (no amulet)
HPRegen 0.24/turn                (no ring)
MPRegen 0.13/turn                (no ring)

@: no status effects
A: no striking features
a: no special abilities


You were on level 3 of the Dungeon.
You visited 1 branch of the dungeon, and saw 3 of its levels.

You collected 142 gold pieces.

Inventory:

Hand Weapons
 d - a +0 short sword (weapon)
Armour
 a - a +0 robe (worn)
Jewellery
 f - a ring of resist corrosion
Scrolls
 e - 2 scrolls of teleportation {unknown}
 h - a scroll of identify {unknown}
 i - 2 scrolls of immolation {unknown}
Potions
 b - a potion of magic
 c - a potion of cancellation {unknown}
 g - a potion of curing {unknown}
 j - a potion of mutation {unknown}


   Skills:
 + Level 3.7 Dodging
 - Level 2.4 Stealth
 + Level 4.4 Spellcasting
 + Level 5.1 Conjurations


You had 10 spell levels left.
You knew the following spells:

 Your Spells              Type           Power      Damage    Failure   Level
a - Magic Dart            Conj           100%       1d8       1%          1

Your spell library contained the following spells:

 Spells                   Type           Power      Damage    Failure   Level
 Searing Ray              Conj           62%        2d6       1%          2
 Dazzling Flash           Conj/Hex       36%        N/A       9%          3
 Fulminant Prism          Conj/Hex       9%         3d7       30%         4
 Iskenderun's Mystic Bla  Conj/Tloc      18%        2d6       30%         4


Dungeon Overview and Level Annotations

Branches:
Dungeon (3/15)

Altars:


Message History

An orc comes into view. It is wielding a +0 falchion.
The orc moves out of view.
You can't see any susceptible monsters within range! (Use Z to cast anyway.)
An orc is nearby!
The magic dart hits the orc.
The orc is heavily wounded.
An orc is nearby!
The magic dart hits the orc.
The orc is almost dead.
An orc is nearby!
The magic dart hits the orc.
You kill the orc!
i - 2 scrolls labelled TOT LEGOSANNEUMM (gained 1)
Things that are here:
a +0 falchion; a +0 ring mail
Found a stone staircase leading down.
You can't see any susceptible monsters within range! (Use Z to cast anyway.)
There is a stone staircase leading down here.
There is a stone staircase leading down here.
An orc priest comes into view. It is wielding a +0 dagger.
An orc priest is nearby!
The magic dart hits the orc priest but does no damage.
The orc priest shouts!
The magic dart hits the orc priest but does no damage.
The orc priest calls down the wrath of Beogh upon you.
Beogh smites you!
Ouch! That really hurt!
An orc priest is nearby!
The magic dart hits the orc priest!
The orc priest is heavily wounded.
An orc priest is nearby!
The magic dart hits the orc priest.
The orc priest is heavily wounded.
An orc priest is nearby!
The magic dart hits the orc priest but does no damage.
The orc priest is heavily wounded.
The orc priest calls down the wrath of Beogh upon you.
Beogh smites you!
Ouch! That really hurt!
You die...

...........# #.
#.##......###
#..
#............ ..
##...)..### #o#
#......# ..
#..#.### .##
#..#.##### #.#
#......... #@##
#.##...### ##.#
#.##.#.### #.##
##....#.... ##.#
##..>#####..
#.###..#...#...#
#.....####.#.###
####### #...#
#####


You could see an orc priest.

Vanquished Creatures
  An orc priest (D:3)
  2 adders (D:2)
  3 dart slugs
  4 orcs
  5 ball pythons
  An endoplasm (D:2)
  3 giant cockroaches (D:1)
  A goblin (D:2)
  5 hobgoblins
  5 kobolds
  3 bats (D:1)
  A frilled lizard (D:1)
  A rat (D:2)
35 creatures vanquished.

Notes
Turn   | Place    | Note
-------+----------+-------------------------------------------
     0 | D:1      | CowFu the Deep Elf Conjurer began the quest for the Orb.
     0 | D:1      | Reached XP level 1. HP: 10/10 MP: 6/6
   357 | D:1      | Reached XP level 2. HP: 15/15 MP: 5/8
  1019 | D:2      | Reached XP level 3. HP: 19/19 MP: 5/10
  1668 | D:2      | Reached skill level 5 in Conjurations
  1725 | D:3      | Reached XP level 4. HP: 8/24 MP: 3/12
  1949 | D:3      | Killed from afar by an orc priest

Illustrated notes

Levels and vault maps discovered:
D:1:      sevenhm_arrival_forest_fort_large_2, layout_rooms, roderic_lattice_a
D:2:      layout_basic
D:3:      layout_loops_ring, grunt_qazlal_sundering, grunt_decor_clamped

Skill      XL: |  1  2  3 |
---------------+----------+-----
Dodging        | 3 |  3.7
Spellcasting   | 4 |  4.4
Conjurations   | 5 |  5.1
Stealth        | |  2.4

Action                     |  1- 3 |  4- 6 || total
---------------------------+-------+-------++-------
  Melee: Short sword       |     1 |       ||     1
   Cast: Magic Dart        |    75 |     9 ||    84
 Armour: Robe              |     1 |       ||     1
  Dodge: Dodged            |    14 |       ||    14

Table legend: (Time is in decaauts)
 A = Elapsed time spent in this place.
 B = Non-inter-level travel time spent in this place.
 C = Inter-level travel time spent in this place.
 D = Time resting spent in this place.
 E = Time spent auto-exploring this place.
 F = Levels seen in this place.
 G = Mean time per level.
                   A        B        C        D        E       F      G
               +--------+--------+--------+--------+--------+-----+--------+
         Total |   1948 |   1903 |     45 |      0 |   1738 |   3 |  649.3 |
       Dungeon |   1948 |   1903 |     45 |      0 |   1738 |   3 |  649.3 |
               +--------+--------+--------+--------+--------+-----+--------+

Top non-repeatable levels by time:
     D:1: 950 daAuts
     D:2: 747 daAuts
     D:3: 249 daAuts
